Cogmind - Beta 10.2 @@@ ROGUE MODE // 2021.04.29 @ 17:16:37 Player: Trantor Result: Destroyed by D-53 Grenadier with Mini Grenade Launcher Performance ------------- Evolutions (1) 500 Regions Visited (4) 800 Robots Destroyed (41) 205 Value Destroyed (963) 963 Prototype IDs (5) 100 Alien Tech Used (0) 0 Bonus (220) 220 TOTAL SCORE: 2788 Bonus ------- Follower Combat Kills 234 Friendly Fire -14 Cogmind --------- Core Integrity 0/400 Matter 300/300 Energy 275/275 System Corruption 1% Temperature Cool (0) Movement Core (550) Ox10 Location -9/Mines Parts ------- > --- POWER (1) -------- Deuterium Engine > --- PROPULSION (3) --- (None) > --- UTILITY (3) ------ Medium Storage Unit Large Storage Unit Advanced Signal Interpreter > --- WEAPON (2) ------- (None) > --- INVENTORY (14) --- Aluminum Leg Aluminum Leg Improved Aluminum Leg Improved Heat Sink Advanced Signal Interpreter Targeting Computer Medium Armor Plating Medium Armor Plating Heavy EM Pulse Gun Improved EM Pulse Cannon Gauss Cannon Rocket Launcher Mining Laser Ripper Peak State ------------ > --- POWER ------------ Deuterium Engine > --- PROPULSION ------- Improved Aluminum Leg Improved Aluminum Leg Improved Aluminum Leg > --- UTILITY ---------- Medium Storage Unit Large Storage Unit Advanced Signal Interpreter > --- WEAPON ----------- Heavy Assault Rifle Improved Assault Rifle > --- INVENTORY -------- Deuterium Engine Aluminum Leg Aluminum Leg Aluminum Leg Aluminum Leg Improved Heat Sink Advanced Signal Interpreter Targeting Computer Medium Armor Plating Medium Armor Plating Heavy EM Pulse Gun Heavy Assault Rifle Mining Laser Flail [Rating: 21] Favorites ----------- Power Improved Ion Engine Engine Improved Ion Engine Propulsion Aluminum Leg Leg Aluminum Leg Utility Large Storage Unit Storage Large Storage Unit Processor Signal Interpreter Weapon Heavy Assault Rifle Energy Gun EM Pulse Gun Ballistic Gun Heavy Assault Rifle Special Weapon Mining Laser Impact Weapon Hammer Build | -11 -10 -10 -9 -9 ------- Run | Scr Mat Min Mat Min Slots Evolved 2 | . . . 2 . Power . | . . . . . Propulsion 1 | . . . 1 . Utility 1 | . . . 1 . Weapon . | . . . . . Parts Attached 46 | 6 11 5 23 1 Power 6 | 1 1 1 3 . Engine 6 | 1 1 1 3 . Core . | . . . . . Reactor . | . . . . . Propulsion 14 | 2 3 . 8 1 Treads . | . . . . . Leg 14 | 2 3 . 8 1 Wheel . | . . . . . Hover . | . . . . . Flight . | . . . . . Utility 10 | 1 4 1 4 . Device . | . . . . . Storage 8 | 1 3 1 3 . Processor 2 | . 1 . 1 . Hackware . | . . . . . Protection . | . . . . . Artifact . | . . . . . Weapon 16 | 2 3 3 8 . Energy Gun 6 | 2 1 . 3 . Energy Cannon . | . . . . . Ballistic Gun 8 | . 1 2 5 . Ballistic Cannon . | . . . . . Launcher . | . . . . . Special Weapon 1 | . . 1 . . Impact Weapon 1 | . 1 . . . Slashing Weapon . | . . . . . Piercing Weapon . | . . . . . Special Melee Weapon . | . . . . . Unidentified Prototypes . | . . . . . Parts Lost 13 | . 5 . 3 5 Power 2 | . 1 . 1 . Propulsion 5 | . 1 . 1 3 Utility . | . . . . . Weapon 6 | . 3 . 1 2 Highest Loss Streak 5 | . 5 . 2 5 Average Slot Usage (%) 96 | . 89 100 98 98 Engine 11 | . 8 14 10 11 Leg 29 | . 27 28 32 32 Storage 17 | . 14 14 22 22 Processor 12 | . 13 14 11 11 Energy Gun 5 | . 14 . 6 . Ballistic Gun 16 | . 3 24 15 21 Impact Weapon 2 | . 6 2 . . Naked Turns . | . . . . . Heaviest Build 39 | 13 25 28 39 39 Greatest Support 39 | 20 20 20 39 39 Greatest Overweight (x) 11 | 1 5 1 1 11 Average Overweight (x) . | . . . . . Largest Inventory Capacity 14 | 6 10 10 14 14 Average Capacity 10 | 5 7 9 13 14 Most Carried 14 | 6 8 10 14 14 Average Carried 10 | 2 6 9 13 13 Final Capacity 14 | 6 8 10 14 14 Final Carried 14 | 6 8 10 14 14 Class Distribution -------------------- 99% | Mutant Dominant Class ---------------- Mutant | -10/Materials Mutant | -10/Mines Mutant | -9/Materials Mutant | -9/Mines Resources | -11 -10 -10 -9 -9 ----------- Run | Scr Mat Min Mat Min Matter Collected 1036 | 212 89 140 535 60 Remotely . | . . . . . Salvage Created 1195 | . 290 50 802 53 Parts 98 | . 28 1 61 8 Haulers Intercepted 2 | . . . 2 . Recyclers Shooed 2 | . . 1 . 1 Parts Field Recycled . | . . . . . Retrieved Matter . | . . . . . Parts Self-Destructed . | . . . . . Prevented . | . . . . . Kills | -11 -10 -10 -9 -9 ------- Run | Scr Mat Min Mat Min Combat Hostiles Destroyed 33 | . 12 1 16 4 Guns 32 | . 11 1 16 4 AOE 1 | . 1 . . . Classes Destroyed 6 | . 3 . 3 . Hauler 2 | . . . 2 . Operator 2 | . . . 2 . Watcher 4 | . 2 . 2 . Swarmer 16 | . 9 . 3 4 Grunt 14 | . 3 1 10 . Sentry 3 | . . . 3 . Best Kill Streak 6 | . 3 1 6 4 Combat Bots Only 5 | . 3 1 5 4 Max Kills in Single Turn 2 | . 2 1 1 1 Gunslinging 1 | . 1 . . . Exploded 1 | . 1 . . . Melee . | . . . . . Uniques/NPCs Destroyed . | . . . . . Combat | -11 -10 -10 -9 -9 -------- Run | Scr Mat Min Mat Min Damage Taken 2641 | . 527 92 828 1194 Core 571 | . 112 16 111 332 Absorbed by Shields . | . . . . . Core Remaining (%) 74 | 100 . 48 . . Volleys Fired 110 | . 27 7 67 9 Largest 2 | . 2 2 2 2 Hottest 100 | . 80 100 88 46 Shots Fired 205 | . 45 12 130 18 Gun 204 | . 45 11 130 18 Cannon . | . . . . . Launcher . | . . . . . Special 1 | . . 1 . . Kinetic 134 | . . 11 105 18 Thermal 26 | . . 1 25 . Explosive . | . . . . . Electromagnetic 45 | . 45 . . . Robot Hit Streak 12 | . 8 10 12 2 Robot Miss Streak 4 | . 4 2 4 4 Penetration Max . | . . . . . Secondary Targets 7 | . 4 . 1 2 Max Gunslinging Chain 1 | . 1 . 1 1 Shots Hit Robots 128 | . 24 7 90 7 Core Hits 59 | . 15 3 37 4 Critical Hits . | . . . . . Critical Kills . | . . . . . Critical Parts Destroyed . | . . . . . Melee Attacks . | . . . . . Impact . | . . . . . Slashing . | . . . . . Piercing . | . . . . . Sneak Attacks . | . . . . . Combat Hostiles . | . . . . . Follow-up Attacks . | . . . . . Damage Inflicted 2062 | . 446 79 1367 170 Guns 1932 | . 316 79 1367 170 Cannons . | . . . . . Explosions 130 | . 130 . . . Melee . | . . . . . Ramming . | . . . . . Kinetic 1316 | . . 79 1067 170 Thermal 419 | . 119 . 300 . Explosive 11 | . 11 . . . Electromagnetic 316 | . 316 . . . Impact . | . . . . . Slashing . | . . . . . Piercing . | . . . . . Highest Corruption 1 | . 1 1 . 1 Average Corruption 1 | . 1 1 . 1 Corruption Purged . | . . . . . Effects 17 | . 4 13 . . Message Errors 10 | . 2 8 . . Energy Discharges 4 | . . 4 . . Data Loss (minor) 3 | . 2 1 . . Overload Shots . | . . . . . Overflow Damage 33 | . 33 . . . Projectiles . | . . . . . Explosions 33 | . 33 . . . Melee . | . . . . . Knockbacks . | . . . . . Impact . | . . . . . Kinetic . | . . . . . Secondary . | . . . . . Self-Inflicted Damage 182 | . 182 . . . Shots 3 | . 3 . . . Rammed . | . . . . . Targets Rammed 1 | . . . . 1 Kicked 1 | . . . . 1 Crushed . | . . . . . Highest Temperature 126 | . 82 20 126 . Average Temperature 36 | . 30 8 43 . Received Heat Transfer 459 | . 114 45 300 . Siege Activations . | . . . . . Robots Corrupted . | . . . . . Combat Hostiles . | . . . . . Parts Fried . | . . . . . Impact Corruptions . | . . . . . Robots Melted . | . . . . . Combat Hostiles . | . . . . . Parts Melted . | . . . . . Heat Transferred 940 | . 200 . 740 . Parts Sabotaged . | . . . . . Parts Stolen . | . . . . . Parts Stripped . | . . . . . Power Chain Reactions 2 | . 2 . . . Missiles Intercepted . | . . . . . Alert | -11 -10 -10 -9 -9 ------- Run | Scr Mat Min Mat Min Peak Influence 371 | . 269 79 371 113 Initial 17 | . . 17 . 8 Average 88 | . 49 18 196 93 Maximum Alert Level 1 | . 1 . 1 . Low Security (%) 80 | 100 94 100 40 100 Level 1 19 | . 5 . 59 . Level 2 . | . . . . . Level 3 . | . . . . . Level 4 . | . . . . . Level 5 . | . . . . . High Security . | . . . . . Max Security . | . . . . . Squads Dispatched 7 | . 4 . 3 . Investigation 4 | . 4 . . . Extermination . | . . . . . Reinforcement 3 | . . . 3 . Assault . | . . . . . Garrison . | . . . . . Intercept . | . . . . . Construction Impeded . | . . . . . Haulers Reinforced . | . . . . . Stealth | -11 -10 -10 -9 -9 --------- Run | Scr Mat Min Mat Min Distress Signals 3 | . . . 3 . Communications Jammed . | . . . . . Distress Signals . | . . . . . Times Spotted 68 | . 21 7 31 9 Peak Tracking Total 5 | . 4 3 5 4 Tactical Retreats 4 | . 2 . 2 . Traps | -11 -10 -10 -9 -9 ------- Run | Scr Mat Min Mat Min Traps Triggered 3 | . 2 . . 1 Indirectly . | . . . . . Trap Hack Attempts . | . . . . . Triggered . | . . . . . Disarmed 4 | . 4 . . . Reprogrammed . | . . . . . Reused . | . . . . . Traps Extracted . | . . . . . Installed . | . . . . . Triggered . | . . . . . Machines | -11 -10 -10 -9 -9 ---------- Run | Scr Mat Min Mat Min Machines Disabled 4 | . 2 . 2 . Max in Single Turn 2 | . 2 . 1 . Machines Sabotaged . | . . . . . Garrisons Compromised . | . . . . . Overloaded Fab Kills . | . . . . . Fab Network Shutdowns . | . . . . . Hacking | -11 -10 -10 -9 -9 --------- Run | Scr Mat Min Mat Min Machines Accessed 17 | . 8 . 8 1 Terminals 11 | . 7 . 4 . Fabricators . | . . . . . Repair Stations 3 | . 1 . 2 . Recycling Units . | . . . . . Scanalyzers 2 | . . . 2 . Garrison Access . | . . . . . Total Hacks 69 | . 30 . 38 1 Successful 44 | . 17 . 26 1 Failed 25 | . 13 . 12 . Catastrophic 2 | . 1 . 1 . Database Lockouts . | . . . . . Manual 17 | . 9 . 8 . Terminals 47 | . 28 . 19 . Fabricators . | . . . . . Repair Stations 10 | . 2 . 8 . Recycling Units . | . . . . . Scanalyzers 11 | . . . 11 . Garrison Access . | . . . . . Terminal Hacks 26 | . 15 . 10 1 Record 10 | . 5 . 5 . Prototype ID Bank 3 | . 1 . 2 . Open Door 1 | . . . . 1 Emergency Access Points 2 | . 1 . 1 . Unreport Threat 4 | . 3 . 1 . Locate Traps 1 | . 1 . . . Disarm Traps 1 | . 1 . . . Maintenance Status 1 | . 1 . . . Hauler Manifests 1 | . 1 . . . Zone Layout 2 | . 1 . 1 . Fabricator Hacks . | . . . . . Repair Station Hacks 8 | . 2 . 6 . Scan Component 4 | . 1 . 3 . Repair 4 | . 1 . 3 . Recycling Unit Hacks . | . . . . . Scanalyzer 10 | . . . 10 . Insert Component 5 | . . . 5 . Analyze 5 | . . . 5 . Garrison Access Hacks . | . . . . . Unauthorized Hacks . | . . . . . Terminals . | . . . . . Fabricators . | . . . . . Repair Stations . | . . . . . Recycling Units . | . . . . . Scanalyzers . | . . . . . Garrison Access . | . . . . . Data Cores Recovered 1 | . . . 1 . Used . | . . . . . Hacking Detections 15 | . 7 . 8 . Full Trace Events 5 | . 4 . 1 . Feedback Events 1 | . 1 . . . Corruption 1 | . 1 . . . Feedback Blocked . | . . . . . Robot Schematics Acquired . | . . . . . Robots Built . | . . . . . Matter . | . . . . . Time . | . . . . . Total Robot Build Rating . | . . . . . Part Schematics Acquired 5 | . . . 5 . Parts Built . | . . . . . Matter . | . . . . . Time . | . . . . . Total Part Build Rating . | . . . . . Parts Repaired 4 | . 1 . 3 . Time 122 | . 26 . 96 . Parts Recycled . | . . . . . Recycled Matter . | . . . . . Retrieved Matter . | . . . . . Retrieved Components . | . . . . . Parts Scanalyzed 5 | . . . 5 . Part Schematics Acquired 5 | . . . 5 . Parts Damaged . | . . . . . Bothacking | -11 -10 -10 -9 -9 ------------ Run | Scr Mat Min Mat Min Used RIF Installer . | . . . . . Robots Hacked . | . . . . . Non-combat . | . . . . . Combat . | . . . . . Robot Hacks Applied . | . . . . . Relay Couplers Released . | . . . . . Robots Rewired . | . . . . . Allies Hacked . | . . . . . Hacks Repelled . | . . . . . Allies | -11 -10 -10 -9 -9 -------- Run | Scr Mat Min Mat Min Total Allies 7 | . . 7 . . Largest Group 4 | . . 4 4 . Highest-Rated Group 78 | . . 78 78 . Highest-Rated Ally 31 | . . 31 31 . Total Orders . | . . . . . Ally Attacks 52 | . . 39 13 . Total Damage 686 | . . 518 168 . Kills 9 | . . 6 3 . Allies Corrupted . | . . . . . Allies Melted . | . . . . . Intel | -11 -10 -10 -9 -9 ------- Run | Scr Mat Min Mat Min Robot Analysis Total . | . . . . . Derelict Logs Recovered 2 | . . 2 . . Drone Launches . | . . . . . Drone Recoveries . | . . . . . Exploration | -11 -10 -10 -9 -9 ------------- Run | Scr Mat Min Mat Min Turns Passed 4953 | 71 1179 1687 1542 474 Spaces Moved 3192 | 49 829 1049 993 272 Core 10 | 3 5 . . 2 Treads . | . . . . . Legs 3182 | 46 824 1049 993 270 Wheels . | . . . . . Hover . | . . . . . Flight . | . . . . . Fastest Speed 50 | 50 120 120 120 120 Average Speed 132 | 116 121 149 120 146 Slowest Speed 600 | 120 300 150 150 600 Overloaded Moves . | . . . . . Propulsion Burnouts . | . . . . . Robots Hopped . | . . . . . Cave-ins Triggered . | . . . . . Exploration Rate (%) 62 | 4 93 99 65 52 Regions Visited 4 Branch Regions 2 Pre-discovered Areas 1 | . . 1 . . Known Exits Taken 3 | . 1 1 1 . Unknown Exits Taken 1 | 1 . . . . Scrap Searched 2 | . . 1 . 1 Spaces Dug 1 | . . 1 . . Terrain Destroyed 37 | . 36 1 . . Melee . | . . . . . Projectile 1 | . . 1 . . AOE 36 | . 36 . . . Terrain Rammed . | . . . . . Walls Destroyed . | . . . . . Machines Disabled . | . . . . . Actions | -11 -10 -10 -9 -9 --------- Run | Scr Mat Min Mat Min Total 3729 | 60 957 1155 1224 333 Wait 297 | . 78 75 102 42 Move 3188 | 48 828 1048 992 272 Hop . | . . . . . Pick Up 46 | 6 7 10 19 4 Fast Attach 17 | 6 5 . 6 . Attach 7 | . 2 . 5 . Detach . | . . . . . Swap 22 | . 4 5 12 1 Drop 41 | . 6 10 21 4 Fire 110 | . 27 7 67 9 Melee . | . . . . . Ram . | . . . . . Kick 1 | . . . . 1 Crush . | . . . . . Escape Stasis . | . . . . . Rewire . | . . . . . Trap . | . . . . . Miscellaneous . | . . . . . Route ------- -11/Scrapyard -10/Materials (discovered 4 exits: *Mat x2 / *Min x2) -10/Mines (discovered 2 exits: *Mat x2) -9/Materials (discovered 4 exits: *Mat x2 / *Min / *Sto) -9/Mines (discovered 1 exit: *Mat) History --------- Turn | Location | Event 19 | -11/Scrapyard | Discovered new exit (range 16) 72 | -11/Scrapyard | Entered Materials 264 | -10/Materials | Discovered new exit (range 16) 281 | -10/Materials | Identified exit to Materials 300 | -10/Materials | Build established: Mutant 362 | -10/Materials | Discovered exit to Materials (range 15) 736 | -10/Materials | Lost 5 parts (1p1n3w) 737 | -10/Materials | Discovered new exit (range 6) 1072 | -10/Materials | Repaired Aluminum Leg 1155 | -10/Materials | Discovered new exit (range 10) 1249 | -10/Materials | Identified exit to Mines 1251 | -10/Materials | Entered Mines 1361 | -10/Mines | Discovered exit to Materials (range 9) 1367 | -10/Mines | Learned location of Zion (-7) 1469 | -10/Mines | Assisted by bots powering up and referring to "LRC-V3" 1470 | -10/Mines | Learned Materials stockpile data 1499 | -10/Mines | Received a Mining Laser from a helpful Derelict 1643 | -10/Mines | Core integrity fell below 50% 1787 | -10/Mines | Discovered exit to Materials (range 8) 2452 | -10/Mines | Escorted by a lone wolf Derelict 2938 | -10/Mines | Entered Materials 2938 | -9/Materials | Accompanied by 4 allies 2938 | -9/Materials | Evolved 2 slots: Propulsion x1, Utility x1 2943 | -9/Materials | Led the pair of lost Derelicts to an unsafe place 3075 | -9/Materials | Discovered new exit (range 16) 3093 | -9/Materials | Identified exit to Storage 3486 | -9/Materials | Discovered new exit (range 16) 3522 | -9/Materials | Repaired Imp. Aluminum Leg 3555 | -9/Materials | Repaired Imp. Aluminum Leg 3675 | -9/Materials | Identified exit to Materials 4045 | -9/Materials | Discovered exit to Materials (range 15) 4139 | -9/Materials | Repaired Imp. Aluminum Leg 4388 | -9/Materials | Discovered new exit (range 16) 4405 | -9/Materials | Identified exit to Mines 4480 | -9/Materials | Entered Mines 4530 | -9/Mines | Discovered exit to Materials (range 6) 4578 | -9/Mines | A weapon hastily lodged in a ceiling crevice suddenly fell to the ground 4730 | -9/Mines | Received a Rocket Launcher from a helpful Derelict 4820 | -9/Mines | Met a Derelict who couldn't figure out how to use a Trap Extractor 4856 | -9/Mines | Assembled infested the area 4942 | -9/Mines | Core integrity fell below 50% 4951 | -9/Mines | Core integrity fell below 20% 4954 | -9/Mines | Destroyed by D-53 Grenadier with Mini Grenade Launcher Last Messages --------------- 04831_ Acquired Imp. EM Pulse Cannon. 04832_ Triggered Proton Bomb Trap. 04832_ A bubble of electromagnetic force engulfs the area. 04832_ Machine disabled. 04838_ Acquired Gauss Cannon. 04856_ ALERT: Infestation in the mines, dispatching Demolisher response squad. 04884_ U-05 Engineer destroyed. 04915_ R-06 Scavenger destroyed. 04918_ K-01 Serf collects debris. 04924_ as-77141 destroyed. 04933_ as-29794 destroyed. 04937_ The unstable cave ceiling collapses. 04939_ Imp. Assault Rifle destroyed. 04939_ Aluminum Leg destroyed. 04944_ Imp. Aluminum Leg destroyed. 04944_ as-28754 destroyed. 04946_ The unstable cave ceiling collapses. 04946_ Hvy. Assault Rifle destroyed. 04947_ The unstable cave ceiling collapses. Map ----- +----------------------------------------------------+ | | | ???????????????????????????????????????????? | | ???????????????????????????????????????????? | | ???????????????????????????????????????????? | | ???????????????????????????????????????????? | | ???????????????????????????????????????????? | | ???????????????????????????????????????????? | | ???????????????????????????????????????????? | | ???????????????????????????????????????????? | | ???????????????????????????????????????????? | | ???????????????????????????????????????????? | | ???????????????????????????????????????????? | | ???????????????????????????????????????????? | | ???????????????????????????????????????????? | | ???????????????????????????????????????????? | | ???????????????????????????????????????????? | | ???????????????????????????????????????????? | | ???????????????????????????????????????????? | | ???????????????????????????????????????????? | | ???????????????????????????????????????????? | | ????????????????##??##?????????????????????? | | ???????????????## ## ##????????????????????? | | ??????????????## ###????????????????#?? | | ?????????????## ##a#????????????## | | ????????????## #????????????? | | ????????????# @ ####??????????????? | | ???????????## ##??????????????????? | | ???????????# #??????????????????? | | ???????????# ##??????????????????? | | ???????????# # ###??????????????????? | | ???????????## ## ##?????????????????? | | ????????????# #########?????????? | | ????????????## ## #???????### | | ?????????????## !!!!=[#??????## | | ?????????????# dd ! ^##?????## | | ?????????????## #?????# | | ????????????## ####???# | | ????????????# X # ##??## # | | ????????????## # #???## # | | ?????????????###### ## # #????# # | | ??????????????????# ## #????# # | | ?????????????????## ### #????# # | | ?????????????????# ######### * ###### # | | ?????????????????# #???????## =%[ | | ????????????????## ##????????# = = | | ???????????????## ##?????????# ####### | | ??????????????## ##?????????# #?????# | | ?????????????## ########??# ##?????# | | ?????????????# """ #??# ###??????# | | ????????????# """ ###### #??# #????????## | +----------------------------------------------------+ Best States ------------- Heat Dissipation 28 Energy Generation 14 Energy Capacity 275 Matter Stores 300 Matter Capacity 300 Sight Range 16 Terrain Scan Density 10 Evasion (%) 40 Item Schematics ----------------- Med. Armor Plating | -9/Materials | Scanalyzed Hvy. Assault Rifle | -9/Materials | Scanalyzed Imp. Heat Sink | -9/Materials | Scanalyzed Adv. Signal Interpreter | -9/Materials | Scanalyzed Imp. Ion Engine | -9/Materials | Scanalyzed Robot Schematics ------------------ None Fabricated ------------ Nothing Alien Tech Used ----------------- None Achievements -------------- Party Time Challenges ------------ None Game ------ Seed HypervelocityVariablePlating Manual? 0 Play Time 00:58:31 Cumulative 53.4 hours Start 2021.04.29 @ 16:14:10 End 2021.04.29 @ 17:16:37 Sessions 3 Manual Loads 0 Difficulty Rogue Special Mode None Game No. 27 Rogue 12 Adventurer 15 Explorer 0 Win Type - Total 0 Types 0/0/0/0/0/0/0/0/0 Lore% 33 Gallery% 34 Achievement% 30 Wizard Run 0 Options --------- ASCII 0 Keyboard 1 Movement Vi Keybinds 1 Fullscreen 2 Font 18/SmallcapsGlow Map View 76x50 Tactical HUD 1 Map Filters NONE Filters NONE Steam 1 RUN: 66b24efe-1ab1-42ae-abb6-ddf720b66d08